 Dungeon Crawl Stone Soup version 0.16.0-11-gd45b091 (webtiles) character file.

1004 RobertPalmer the Chiller (level 8, -1/46 HPs)
             Began as an Octopode Ice Elementalist on Mar 18, 2015.
             Was a Follower of Sif Muna.
             Slain by Grinder (4 damage)
             ... on level 6 of the Dungeon.
             The game lasted 00:18:38 (6322 turns).

RobertPalmer the Chiller (OpIE)                     Turns: 6322, Time: 00:18:38

Health: -1/46      AC:  1    Str:  7    XL:     8   Next: 20%
Magic:  13/13      EV: 12    Int: 18    God:    Sif Muna [*.....]
Gold:   228        SH:  4    Dex: 14    Spells: 2 memorised, 7 levels left

rFire  . . .     SeeInvis .     y - +2 trident (distort) {!w}
rCold  . . .     Clarity  .     r - +0 buckler
rNeg   . . .     SustAb   .     (helmet restricted)
rPois  .         Gourm    .     (no amulet)
rElec  .         Spirit   .     (no ring)
rCorr  .         Warding  .     (no ring)
rMut   .         Stasis   .     (no ring)
MR     .....                    (no ring)
Stlth  +++.......               (no ring)
                                (no ring)
                                (no ring)
                                (no ring)

@: not resistant to hostile enchantments, fairly stealthy
A: almost no armour, amphibious, 8 rings, constrict 8, camouflage 1, gelatinous
body 1
a: Channel Energy, Renounce Religion


You were on level 6 of the Dungeon.
You worshipped Sif Muna.
Sif Muna was aware of your devotion.
You were not hungry.

You visited 1 branch of the dungeon, and saw 6 of its levels.

You collected 228 gold pieces.

Inventory:

Hand weapons
 y - a +2 trident of distortion (weapon) {!w}
   (You took it off an orc on level 4 of the Dungeon)
Missiles
 k - 3 throwing nets {=f, !d}
 n - 7 poisoned needles
Armour
 r - a +0 buckler (worn)
   (You found it on level 3 of the Dungeon)
Jewellery
 t - an uncursed amulet of guardian spirit {Spirit}
   (You found it on level 3 of the Dungeon)
Magical devices
 v - a wand of frost (39)
   (You took it off Crazy Yiuf on level 4 of the Dungeon)
 C - a wand of slowing (10)
   (You took it off a kobold on level 5 of the Dungeon)
 G - a wand of disintegration (0)
   (You found it on level 5 of the Dungeon)
Scrolls
 a - 2 scrolls of amnesia {unknown}
 d - 2 scrolls of identify
 m - a scroll of remove curse
 p - a scroll of magic mapping {unknown}
 q - a scroll of enchant weapon {unknown}
 w - 2 scrolls of recharging {unknown}
 x - a scroll of teleportation {unknown}
 D - a scroll of enchant armour {unknown}
 E - a scroll of noise {unknown}
 J - a scroll of blinking {unknown}
 L - a scroll of vulnerability {unknown}
Potions
 e - a potion of mutation {unknown}
 f - a potion of magic {unknown}
 g - 2 potions of cure mutation {!q}
 h - a potion of heal wounds {unknown}
 o - a potion of invisibility {unknown}
 u - a potion of agility {unknown}
 z - a potion of brilliance {unknown}
 A - a potion of resistance {unknown}
 B - a potion of curing {unknown}
 F - a potion of degeneration {unknown}
 I - a potion of cancellation {unknown}
 K - a potion of poison {unknown}
Books
 b - a book of Frost
Comestibles
 c - 4 bread rations {@e1}
 i - a slice of pizza
 j - 2 beef jerkies
 l - 2 meat rations {@e2}
 s - 2 fruits
 H - 8 chunks of flesh {@w0}


   Skills:
 - Level 6.0 Polearms
 - Level 2.0 Dodging
 - Level 2.6 Stealth
 - Level 2.2 Shields
 - Level 2.0 Spellcasting
   Level 1.0 Conjurations
 + Level 7.0 Ice Magic


You had 7 spell levels left.
You knew the following spells:

 Your Spells              Type           Power        Failure   Level  Hunger
a - Freeze                Ice            ####         1%          1    #......
A - Ozocubu's Armour      Chrm/Ice       ##......     17%         3    ###....


Dungeon Overview and Level Annotations

Branches:
Dungeon (6/15)             Temple (0/1) D:4

Altars:
Ashenzari
Cheibriados
Makhleb
Qazlal
Sif Muna
Zin

Annotations:
D:6 exclusion: Edmund, Edmund, Grinder


Innate Abilities, Weirdness & Mutations

You cannot wear most types of armour.
You are amphibious.
You can wear up to eight rings at the same time.
You can use your tentacles to constrict many enemies at once.
Your skin changes colour to match your surroundings (Stealth).
Your rubbery body absorbs attacks (AC +1).


Message History

Attack whom?
Aim: Grinder (heavily wounded, slow)
You reach to attack!
You barely miss Grinder.
Attack whom?
Aim: Grinder (heavily wounded, slow)
You reach to attack!
You barely miss Grinder.
Grinder disappears!
Edmund the Younger comes into view.
He is wielding a flail of holy wrath.
A gnoll comes into view.
A gnoll comes into view. It is wielding a spear.
A gnoll comes into view.
A bat comes into view.
A giant frog comes into view.
A hobgoblin comes into view. It is wielding a club.
Attack whom?
Aim: a gnoll (resting)
You reach to attack!
The helpless gnoll fails to defend itself.
You puncture the gnoll!!
You kill the gnoll!
Your Ice Magic skill increases to level 7!
The gnoll shouts!
Attack whom?
Aim: a gnoll You reach to attack!
You closely miss the gnoll. You closely miss the gnoll. You grab the gnoll.
You squeeze the gnoll!
You constrict the gnoll, but do no damage.
The gnoll hits you.
You take 1 damage, and have 42/46 hp.
You hit the gnoll.
You kill the gnoll!
Attack whom?
Aim: a gnoll, wielding a spear You reach to attack!
You barely miss the gnoll.
The hobgoblin shouts!
The gnoll closely misses you.
Attack whom?
Aim: a gnoll, wielding a spear You reach to attack!
You hit the gnoll.
The gnoll disappears!
You see here a gnoll corpse.
Attack whom?
Aim: a hobgoblin, wielding a club You reach to attack!
You hit the hobgoblin but do no damage.
Space bends around the hobgoblin.
You hit the hobgoblin!
You kill the hobgoblin!
No target in view!
No target in view!
You see here a gnoll corpse.
You butcher the gnoll corpse.
You see here 3 chunks of flesh {@w0}.
Eat one of 6 chunks of flesh {@w0}? (ye/n/q/i?) Eat one of 3 chunks of flesh {@w0}? (ye/n/q/i?)
You continue eating. x2
Eat which item? (? for menu, Esc to quit)
Okay, then.
The gnoll misses you.
Attack whom?
Aim: a gnoll, wielding a spear (heavily wounded)
You reach to attack!
You hit the gnoll.
You kill the gnoll!
No target in view!
No target in view!
H - 8 chunks of flesh {@w0} (gained 2)
Things that are here:
a club; a hobgoblin corpse
Things that are here:
a spear; a gnoll corpse The giant frog croaks.
Grinder shouts!
You hit Grinder but do no damage.
Space bends around Grinder.
Your grab misses Grinder. You squeeze Grinder. Grinder hits you!
You writhe in agony.
You take 12 damage, and have 33/46 hp.
MASSIVE DAMAGE!!
Read which item? (? for menu, Esc to quit)
Okay, then.
Drink which item? (? for menu, Esc to quit)
Okay, then.
Grinder hits you!
You writhe in agony.
You take 13 damage, and have 20/46 hp.
MASSIVE DAMAGE!!
Grinder gestures at you. Pain shoots through your body!
* * * LOW HITPOINT WARNING * * *
The giant frog closely misses you.
Things that are here:
a spear; a gnoll corpse You take 12 damage, and have 8/46 hp.
MASSIVE DAMAGE!!
The bat barely misses you.
Things that are here:
a club; a hobgoblin corpse The bat closely misses you.
The bat hits you but does no damage. The bat barely misses you.
Grinder gestures.
Grinder blinks!
The bat closely misses you. Grinder hits you.
* * * LOW HITPOINT WARNING * * *
You writhe in agony.
You die...

#.#####.#.########........
.................+........
....#.#.#.########........
#.#.# #........ ..#.#
#........ ...#.# #........
..@.#.# #........ .....#5#
#......(. ....#@#
#........ .#b# ########. #
#F# #. #.#)# #(
###.#)######## #.
+....ยง........ +.
#####.####..... #.
#...?b..... +. #..........
#.


You could see Grinder, a giant frog and a bat.

Vanquished Creatures
  3 ogres (D:4)
  A giant frog (D:6)
  A quasit (D:5)
  A jelly (D:6)
  Crazy Yiuf (D:4)
  2 orc priests (D:3)
  A hound (D:6)
  A centaur skeleton (D:5)
  5 worker ants
  An iguana (D:6)
  An orc wizard (D:3)
  Ijyb (D:6)
  8 gnolls
  4 adders
  2 worms
  An adder skeleton (D:6)
  3 giant geckos
  22 orcs
  5 giant cockroaches
  11 goblins
  12 hobgoblins
  7 jackals
  An ooze (D:4)
  A quokka (D:2)
  12 bats
  5 giant newts
  13 kobolds
  6 rats
  A fungus (D:4)
133 creatures vanquished.

Vanquished Creatures (others)
  An ogre (D:6)
1 creature vanquished.

Grand Total: 134 creatures vanquished

Notes
Turn   | Place    | Note
--------------------------------------------------------------
     0 | D:1      | RobertPalmer, the Octopode Ice Elementalist, began the quest for the Orb.
     0 | D:1      | Reached XP level 1. HP: 11/11 MP: 3/3
   213 | D:1      | Reached XP level 2. HP: 17/17 MP: 4/4
  1019 | D:2      | Reached skill level 4 in Ice Magic
  1048 | D:2      | Reached XP level 3. HP: 14/21 MP: 3/6
  1289 | D:2      | Found a deep blue altar of Sif Muna.
  1363 | D:2      | Became a worshipper of Sif Muna the Loreminder
  2143 | D:2      | HP: 4/21 [gnoll/spear (4)]
  2299 | D:2      | Reached XP level 4. HP: 19/27 MP: 5/7
  2989 | D:2      | Reached skill level 5 in Ice Magic
  3005 | D:2      | Learned a level 3 spell: Ozocubu's Armour
  3134 | D:3      | Reached XP level 5. HP: 16/31 MP: 0/9
  3790 | D:3      | Reached skill level 1 in Shields
  3805 | D:3      | Reached skill level 2 in Shields
  3969 | D:4      | Noticed an ogre
  3982 | D:4      | Killed an ogre
  3982 | D:4      | Reached skill level 2 in Polearms
  3982 | D:4      | Reached XP level 6. HP: 36/36 MP: 6/10
  4184 | D:3      | Reached skill level 3 in Polearms
  4296 | D:4      | Noticed Crazy Yiuf
  4301 | D:4      | Killed Crazy Yiuf
  4441 | D:4      | Noticed an ogre
  4454 | D:4      | Killed an ogre
  4454 | D:4      | Reached skill level 4 in Polearms
  4454 | D:4      | Reached XP level 7. HP: 36/41 MP: 4/12
  4524 | D:4      | Found a stormy altar of Qazlal.
  4524 | D:4      | Found a glowing silver altar of Zin.
  4525 | D:4      | Noticed an ogre
  4535 | D:4      | Killed an ogre
  4535 | D:4      | Reached skill level 5 in Polearms
  4711 | D:4      | Found a shattered altar of Ashenzari.
  4743 | D:4      | Found a staircase to the Ecumenical Temple.
  5042 | D:5      | Entered Level 5 of the Dungeon
  5168 | D:5      | Found a snail-covered altar of Cheibriados.
  5716 | D:5      | Reached skill level 6 in Polearms
  5765 | D:5      | Found a burning altar of Makhleb.
  6079 | D:6      | Reached skill level 6 in Ice Magic
  6088 | D:6      | Noticed Ijyb
  6101 | D:6      | Killed Ijyb
  6101 | D:6      | Acquired Sif Muna's first power
  6137 | D:6      | Reached XP level 8. HP: 46/46 MP: 13/13
  6146 | D:6      | Found a glowing silver altar of Zin.
  6250 | D:6      | Noticed Grinder
  6260 | D:6      | Noticed Edmund
  6280 | D:6      | Reached skill level 7 in Ice Magic
  6318 | D:6      | HP: 8/46 [Grinder/nerve-wracking pain (12)]
  6322 | D:6      | HP: 3/46 [Grinder (6)]
  6322 | D:6      | Slain by Grinder

Action                   |  1- 3 |  4- 6 |  7- 9 || total
-------------------------+-------+-------+-------++-------
Melee: Dagger            |    51 |     9 |       ||    60
       Unarmed           |     2 |       |       ||     2
       Trident           |       |    86 |    83 ||   169
Throw: Throwing net      |       |       |     7 ||     7
 Cast: Freeze            |    23 |    27 |     3 ||    53
       Ozocubu's Armour  |       |    10 |       ||    10
Evoke: Wand              |       |       |     3 ||     3
  Use: Scroll            |     1 |     1 |     1 ||     3
 Stab: Sleeping          |     7 |     3 |     9 ||    19
       Distracted        |       |       |     1 ||     1
       Held in net/web   |       |       |     1 ||     1
  Eat: Chunk             |     4 |     9 |     7 ||    20

Vault maps used:
D:1:      dpeg_arrival_leaves_temple_mockup, hangedman_decor_clover_reticule
D:2:      led_sif_pool
D:4:      ashenzari_altar_1, nicolae_overflow_hidden_temple,
          minmay_temple_entry_fiery, first_bread, uniq_crazy_yiuf_cottage
D:5:      cheibriados_altar_wand_db, kennysheep_little_box, kennysheep_boxes
D:6:      basic_altar, serial_shops, shop, uniq_edmund, uniq_grinder,
          uniq_prince_ribbit1, uniq_iyjb

Table legend:
 A = Turns spent in this place as a percentage of turns spent in the entire game.
 B = Non-inter-level travel turns spent in this place as a percentage of non-inter-level travel turns spent in the entire game.
 C = Inter-level travel turns spent in this place as a percentage of turns spent in this place.
 D = Turns resting spent in this place as a percentage of non-inter-level travel turns spent in this place.
 E = Turns spent auto-exploring this place as a percentage of non-inter-level travel turns spent in this place.
 F = Non-inter-level travel turns spent in this place divided by the number of levels of this place that you've seen.
                   A       B       C       D       E      F
               +-------+-------+-------+-------+-------+----------------------
         Total | 100.0 | 100.0 |   0.5 |   2.7 |   6.7 | 373.3
       Dungeon | 100.0 | 100.0 |   0.5 |   2.7 |   6.7 | 373.3
               +-------+-------+-------+-------+-------+----------------------

Table legend:
 A = Kills in this place as a percentage of kills in entire the game.
 B = Kills by you in this place as a percentage of kills by you in the entire game.
 C = Kills by friends in this place as a percentage of kills by friends in the entire game.
 D = Other kills in this place as a percentage of other kills in the entire game.
 E = Experience gained in this place as a percentage of experience gained in the entire game.
 F = Experience gained in this place divided by the number of levels of this place that you have seen.
                   A       B       C       D       E      F
               +-------+-------+-------+-------+-------+----------------------
         Total | 100.0 | 100.0 |  -nan | 100.0 | 100.0 | 239.2
       Dungeon | 100.0 | 100.0 |  -nan | 100.0 | 100.0 | 239.2
               +-------+-------+-------+-------+-------+----------------------
